 Dungeon Crawl Stone Soup version 0.27-a0-887-gcab673c142 (webtiles) character file.

Game seed: 7591133351316502597

16 Alarkh the Insei (level 2, 19/23 HPs)
             Began as a Demonspawn Gladiator on Apr 4, 2021.
             Got out of the dungeon alive.
             The game lasted 00:00:17 (333 turns).

Alarkh the Insei (Demonspawn Gladiator)              Turns: 333, Time: 00:00:17

Health: 19/23      AC:  4    Str: 14    XL:     2   Next: 37%
Magic:  2/2        EV: 12    Int:  9    God:
Gold:   16         SH:  0    Dex: 14    Spells: 1/1 levels left

rFire    . . .     SeeInvis .     - Unarmed
rCold    . . .     Faith    .   (no shield)
rNeg     . . .     Spirit   .   a - +0 leather armour
rPois    .         Reflect  .   b - +0 helmet
rElec    .         Harm     .   (no cloak)
rCorr    .         Rampage  .   (no gloves)
Will     .....                  (no boots)
Stlth    +.........             (no amulet)
HPRegen  0.07/turn              (no ring)
MPRegen  0.08/turn              (no ring)

@: no status effects
A: hooves 1
a: no special abilities


You escaped.
You visited 1 branch of the dungeon, and saw 1 of its levels.

You collected 16 gold pieces.

Inventory:

Missiles
 c - 3 throwing nets (quivered)
Armour
 a - a +0 leather armour (worn)
 b - a +0 helmet (worn)
Potions
 d - a potion of heal wounds {unknown}


   Skills:
 + Level 2.3 Fighting
 - Level 1.7 Throwing
 - Level 2.6 Dodging
 * Level 3.2 Unarmed Combat


You had one spell level left.
You didn't know any spells.
Your spell library was empty.

Dungeon Overview and Level Annotations

Branches:
Dungeon (1/15)

Altars:


Innate Abilities, Weirdness & Mutations

You have large cloven feet.


Message History

The jackal closely misses you.
You hit the jackal.
The jackal is almost dead.
The jackal closely misses you.
You hit the jackal.
You kill the jackal!
The rat bites you.
You completely miss the jackal. The jackal bites you. The rat bites you.
You hit the jackal but do no damage. Your kick misses the jackal.
The jackal closely misses you. The rat barely misses you.
The jackal bites you but does no damage.
You hit the jackal. You kick the jackal.
You kill the jackal!
The rat misses you.
You hit the rat.
You kill the rat!
The rat bites you but does no damage.
You barely miss the rat. The rat bites you but does no damage.
You hit the rat.
The rat is severely wounded.
The rat bites you but does no damage.
You hit the rat.
You kill the rat!
No target in view!
No target in view!
No target in view!
No target in view!
No target in view!
No target in view!
No target in view!
No target in view!
No target in view!
No target in view!
No target in view!
No target in view!
You start resting.
HP restored.
There is a staircase leading out of the dungeon here.
Are you sure you want to leave the Dungeon?
This will make you lose the game!
You have escaped!

..............#...#
#..###.#.####.#P.P#
##..##.#.# #.#P.P#
###..#.#.# ..#P.P#
## #.#...# .##P.P#
.# #....## #.##P.P#
.####..## #.##P.P#
.##....# ....#P.P#
.##.#..###....#P@P#
..............#P.P#
..#...........#P.P#
......†.......#P.P#
#..##.#.##....#P.P#
#..##.#.# ....#P.P#
........##....#P.P#
..............#P.P#
..........#.###


There were no monsters in sight!

Vanquished Creatures
  A ball python (D:1)
  An endoplasm (D:1)
  A goblin (D:1)
  A hobgoblin (D:1)
  4 jackals (D:1)
  A quokka (D:1)
  A bat (D:1)
  4 rats (D:1)
14 creatures vanquished.

Notes
Turn   | Place    | Note
-------+----------+-------------------------------------------
     0 | D:1      | Alarkh the Demonspawn Gladiator began the quest for the
                  | Orb.
     0 | D:1      | Reached XP level 1. HP: 16/16 MP: 1/1
    84 | D:1      | Reached skill level 3 in Unarmed Combat
   236 | D:1      | Gained mutation: You have large cloven feet. [demonic
                  | ancestry]
   236 | D:1      | Reached XP level 2. HP: 17/22 MP: 2/2
   333 | D:$      | Got out of the dungeon alive.

Illustrated notes

Levels and vault maps discovered:
D:1:      eino_arrival_tree_alley, layout_rooms, basic_ecumenical_altar

Skill      XL: |  1 |
---------------+----+-----
Unarmed Combat | 3 |  3.2
Fighting       | |  2.3
Throwing       | |  1.7
Dodging        | |  2.6

Action                   || total
-------------------------++-------
Melee: Unarmed           ||    41
       Kick              ||     2
Armor: Leather armour    ||    17
Dodge: Dodged            ||    26

Table legend: (Time is in decaauts)
 A = Elapsed time spent in this place.
 B = Non-inter-level travel time spent in this place.
 C = Inter-level travel time spent in this place.
 D = Time resting spent in this place.
 E = Time spent auto-exploring this place.
 F = Levels seen in this place.
 G = Mean time per level.
                   A        B        C        D        E       F      G
               +--------+--------+--------+--------+--------+-----+--------+
         Total |    331 |    304 |     27 |    181 |     55 |   1 |  331.0 |
       Dungeon |    331 |    304 |     27 |    181 |     55 |   1 |  331.0 |
               +--------+--------+--------+--------+--------+-----+--------+

Top non-repeatable levels by time:
     D:1: 331 daAuts
